 Dungeon Crawl Stone Soup version 0.28-a0-834-g1a73be5ee4 (webtiles) character file.

Game seed: 6225558672066391736

11 Gargoyl the Skirmisher (level 2, 0/29 HPs)
             Began as a Gnoll Abyssal Knight on Nov 11, 2021.
             Was a Follower of Lugonu.
             Succumbed to a kobold's poison
             ... on level 1 of the Dungeon.
             The game lasted 00:00:37 (275 turns).

Gargoyl the Skirmisher (Gnoll Abyssal Knight)        Turns: 275, Time: 00:00:37

Health: 0/29       AC:  3    Str: 12    XL:     2   Next: 29%
Magic:  5/5        EV: 12    Int:  9    God:    Lugonu [*.....]
Gold:   38         SH:  0    Dex: 12    Spells: 1/1 levels left

rFire   . . .      SeeInvis .   a - +1 hand axe (freeze)
rCold   . . .      Faith    .   (no shield)
rNeg    . . .      Spirit   .   b - +0 leather armour
rPois   .          Reflect  .   (no helmet)
rElec   .          Harm     .   (no cloak)
rCorr   .          Rampage  .   (no gloves)
Will    .....                   (no boots)
Stlth   +.........              (no amulet)
HPRegen 0.09/turn               (no ring)
MPRegen 0.09/turn               (no ring)

@: lethally poisoned (0 -> -4)
A: fangs 1, strong nose, distributed training
a: Renounce Religion, Depart the Abyss


You were on level 1 of the Dungeon.
You worshipped Lugonu.
Lugonu was aware of your devotion.
You visited 1 branch of the dungeon, and saw 1 of its levels.
You visited the Abyss 1 time.

You collected 38 gold pieces.

Inventory:

Hand Weapons
 a - a +1 hand axe of freezing (weapon)
 d - a +2 short sword of venom
Armour
 b - a +0 leather armour (worn)
Wands
 c - a wand of flame (16)


   Skills:
 + Level 6.4 Fighting
 + Level 0.3 Short Blades
 + Level 0.3 Long Blades
 + Level 4.4 Axes
 + Level 0.3 Maces & Flails
 + Level 0.3 Polearms
 + Level 0.3 Staves
 + Level 0.3 Slings
 + Level 0.3 Bows
 + Level 0.3 Crossbows
 + Level 0.3 Throwing
 + Level 4.4 Armour
 + Level 2.4 Dodging
 + Level 0.3 Stealth
 + Level 0.3 Shields
 + Level 0.3 Unarmed Combat
 + Level 0.3 Spellcasting
 + Level 0.2 Conjurations
 + Level 0.2 Hexes
 + Level 0.2 Summonings
 + Level 0.2 Necromancy
 + Level 0.2 Translocations
 + Level 0.2 Transmutations
 + Level 0.2 Fire Magic
 + Level 0.2 Ice Magic
 + Level 0.2 Air Magic
 + Level 0.2 Earth Magic
 + Level 0.2 Poison Magic
 + Level 4.5 Invocations
 + Level 0.3 Evocations


You had one spell level left.
You didn't know any spells.
Your spell library was empty.

Dungeon Overview and Level Annotations

Branches:
Dungeon (1/15)

Altars:


Innate Abilities, Weirdness & Mutations

You have very sharp teeth.
Your uncanny sense of smell can sniff out nearby items.
Your experience applies equally to all skills.


Message History

The kobold hits you with a +2 short sword of venom.
You are more poisoned.
You hit the kobold. You freeze the kobold.
The kobold is heavily wounded.
You feel very sick. The kobold completely misses you.
You closely miss the kobold.
The kobold is heavily wounded.
You feel very sick. The kobold hits you but does no damage.
You are lethally poisoned!
You hit the kobold but do no damage.
The kobold is heavily wounded.
You feel very sick.
The kobold hits you with a +2 short sword of venom.
The kobold completely misses you.
You hit the kobold. You freeze the kobold.
You kill the kobold!
Lugonu accepts your kill.
* * * LOW HITPOINT WARNING * * *
You feel very sick.
Unknown command.
You aren't carrying any potions.
* * * LOW HITPOINT WARNING * * *
You feel sick.
Things that are here:
a +2 short sword of venom; a kobold corpse
d - a +2 short sword of venom
* * * LOW HITPOINT WARNING * * *
You feel sick.
An endoplasm comes into view.
* * * LOW HITPOINT WARNING * * *
You feel sick.
* * * LOW HITPOINT WARNING * * *
You feel sick.
The helpless endoplasm fails to defend itself.
You hit the endoplasm. You freeze the endoplasm.
You kill the endoplasm!
Lugonu accepts your kill.
You can now depart the Abyss.
You die...

#. ########### #.#
#.........#
#..####.........#
#...............#
#...............###
#.................#
#............†....#
#.........#####@..#
#.........# #...#
####.###### #####
#.## #..# #..#
#.#.### ##.
#.##..(## ##...# .
#..###...###...#


There were no monsters in sight!

Vanquished Creatures
  A white imp (Abyss:2)
  An endoplasm (D:1)
  A hobgoblin (D:1)
  A kobold (D:1)
  A quokka (D:1)
  A rat (D:1)
6 creatures vanquished.

Notes
Turn   | Place    | Note
-------+----------+-------------------------------------------
     0 | Abyss:1  | Gargoyl the Gnoll Abyssal Knight began the quest for the
                  | Orb.
     0 | Abyss:1  | Reached XP level 1. HP: 23/23 MP: 3/3
    21 | Abyss:1  | Found a corrupted altar of Lugonu.
    27 | Abyss:2  | Found a corrupted altar of Lugonu.
    72 | Abyss:2  | Noticed a ynoxinul
   113 | Abyss:2  | Reached XP level 2. HP: 26/29 MP: 5/5
   161 | Abyss:2  | Noticed an angel
   161 | Abyss:2  | Noticed a wretched star
   161 | Abyss:2  | Noticed an unseen horror
   162 | D:1      | Escaped the Abyss
   273 | D:1      | HP: 1/29 [poisoned by a kobold]
   275 | D:1      | Reached * piety under Lugonu
   275 | D:1      | Succumbed to a kobold's poison

Illustrated notes

Levels and vault maps discovered:
D:1:      dpeg_arrival_simpleton_a, layout_basic

Action                   || total
-------------------------++-------
Melee: Hand axe          ||    18
Invok: Depart the Abyss  ||     1
  Use: Scroll            ||     2
 Stab: Sleeping          ||     1
Armor: Leather armour    ||     5
Dodge: Dodged            ||     6

Table legend: (Time is in decaauts)
 A = Elapsed time spent in this place.
 B = Non-inter-level travel time spent in this place.
 C = Inter-level travel time spent in this place.
 D = Time resting spent in this place.
 E = Time spent auto-exploring this place.
 F = Levels seen in this place.
 G = Mean time per level.
                   A        B        C        D        E       F      G
               +--------+--------+--------+--------+--------+-----+--------+
         Total |    275 |    275 |      0 |      0 |    182 |   3 |   91.7 |
       Dungeon |    113 |    113 |      0 |      0 |     76 |   1 |  113.0 |
         Abyss |    162 |    162 |      0 |      0 |    106 |   2 |   81.0 |
               +--------+--------+--------+--------+--------+-----+--------+

Top non-repeatable levels by time:
 Abyss:2: 135 daAuts
     D:1: 113 daAuts
 Abyss:1: 27 daAuts
